 Dungeon Crawl Stone Soup version 0.24-a0-479-g9a978d2894 (webtiles) character file.

Game seed: 4211132055989990710

20272 pk666 the Thaumaturge (level 12, -12/59 HPs)
             Began as a Deep Elf Wizard on July 9, 2019.
             Was an Elder of Vehumet.
             Mangled by a swamp worm (15 damage)
             ... on level 2 of the Lair of Beasts.
             The game lasted 01:04:28 (21627 turns).

pk666 the Thaumaturge (Deep Elf Wizard)            Turns: 21627, Time: 01:04:29

Health: -12/59     AC:  6    Str:  9    XL:     12   Next: 43%
Magic:  34/47      EV: 15    Int: 29    God:    Vehumet [****..]
Gold:   997        SH:  0    Dex: 13    Spells: 22/40 levels left

rFire    . . .     SeeInvis .   J - staff of power
rCold    . . .     Gourm    .   (no shield)
rNeg     . . .     Faith    .   a - +0 robe
rPois    .         Spirit   .   b - +0 hat
rElec    .         Reflect  .   (no cloak)
rCorr    .         Harm     .   x - +0 pair of gloves
MR       +....                  p - +2 pair of boots
Stlth    +.........             H - amulet of magic regeneration
HPRegen  0.19/turn              h - +5 ring of strength
MPRegen  0.55/turn              F - ring of wizardry

@: about to teleport, very slow
A: no striking features
a: Renounce Religion


You were on level 2 of the Lair of Beasts.
You worshipped Vehumet.
Vehumet was greatly pleased with you.
You were not hungry.

You visited 2 branches of the dungeon, and saw 13 of its levels.

You collected 997 gold pieces.

Inventory:

Hand Weapons
 t - a +2 dagger of venom
 Q - the cursed +3 whip of Termination {slash, rElec rN++ MR+ Dex-4}
   (You found it on level 11 of the Dungeon)

   It inflicts extra damage upon your enemies.
   It affects your dexterity (-4).
   It insulates you from electricity.
   It greatly protects you from negative energy.
   It affects your resistance to hostile enchantments.
   It has a curse placed upon it.
Armour
 a - a +0 robe (worn)
 b - a +0 hat (worn)
 p - a +2 pair of boots (worn)
 x - a +0 pair of gloves (worn)
 K - +0 acid dragon scales
 R - a +0 troll leather armour
Magical Staves
 J - an uncursed staff of power (weapon)
 M - an uncursed staff of energy
 S - an uncursed staff of wizardry
Jewellery
 h - a +5 ring of strength (left hand)
 l - a cursed -3 ring of strength
 F - a ring of wizardry (right hand)
 H - an amulet of magic regeneration (around neck)
 I - an uncursed ring of protection from fire
 U - an uncursed ring of protection from cold
Wands
 y - a wand of flame (21)
 D - a wand of scattershot (5)
 E - a wand of disintegration (41)
 G - a wand of polymorph (8)
 P - a wand of paralysis (12)
 T - a wand of random effects (19)
Scrolls
 c - a scroll of teleportation
 e - 2 scrolls of identify
 g - 2 scrolls of immolation {unknown}
 i - 5 scrolls of amnesia
 j - 5 scrolls of fog
 k - 7 scrolls of remove curse
 n - 3 scrolls of enchant armour
 v - 3 scrolls of magic mapping
 w - 3 scrolls of enchant weapon
 z - 2 scrolls of fear {unknown}
 O - a scroll of summoning {unknown}
 V - a scroll of torment {unknown}
 X - a scroll of silence {unknown}
Potions
 f - 6 potions of curing
 o - a potion of haste {unknown}
 q - 4 potions of flight
 r - a potion of ambrosia {unknown}
 s - a potion of agility {unknown}
 u - a potion of mutation {unknown}
 A - 2 potions of lignification {unknown}
 B - a potion of magic {unknown}
 C - a potion of resistance {unknown}
 L - 2 potions of might
 N - a potion of brilliance {unknown}
 W - a potion of cancellation {unknown}
Comestibles
 d - 31 rations


   Skills:
 + Level 6.6 Dodging
 - Level 2.4 Stealth
 + Level 14.7 Spellcasting
 + Level 12.3 Conjurations
   Level 1.1 Summonings
 - Level 3.0 Translocations
 + Level 12.1 Fire Magic
 - Level 2.0 Air Magic
 - Level 3.1 Poison Magic


You had 22 spell levels left.
You knew the following spells:

 Your Spells              Type           Power        Failure   Level  Hunger
a - Magic Dart            Conj           ####         0%          1    None
b - Blink                 Tloc           N/A          1%          2    None
c - Conjure Flame         Conj/Fire      #######.     1%          3    None
d - Mephitic Cloud        Conj/Pois/Air  ######..     1%          3    None
e - Static Discharge      Conj/Air       ######..     1%          3    None
f - Poison Arrow          Conj/Pois      ######....   1%          6    ####...

Your spell library contained the following spells:

 Spells                   Type           Power        Failure   Level  Hunger
 Beastly Appendage        Tmut           ###...       1%          1    None
 Freeze                   Ice            ###.         1%          1    None
 Call Imp                 Summ           ####....     1%          2    None
 Slow                     Hex            ###.....     1%          2    None
 Sticks to Snakes         Tmut           ###.....     1%          2    None
 Throw Frost              Conj/Ice       ######       1%          2    None
 Spider Form              Tmut/Pois      ####......   1%          3    None
 Throw Icicle             Conj/Ice       ######..     1%          4    None
 Ozocubu's Armour         Chrm/Ice       ###.....     2%          3    None
 Summon Ice Beast         Ice/Summ       ###.....     8%          4    None
 Ice Form                 Ice/Tmut       ###.....     9%          4    None
 Blade Hands              Tmut           ###.......   26%         5    None


Dungeon Overview and Level Annotations

Branches:
Dungeon (11/15)            Temple (0/1) D:7            Lair (2/6) D:10
  Swamp (0/4) Lair:2          Orc (0/2) D:11
  Snake: Lair:2-4    Spider: Lair:2-4

Altars:
Cheibriados
Elyvilon
Kikubaaqudgha
Makhleb
Qazlal
Ru
Sif Muna
Uskayaw
Vehumet
Wu Jian
Xom
Yredelemnul
Zin
The Shining One

Annotations:
D:1 Terence
D:5 3 runed translucent doors, Tenar's ghost, novice OpFE
D:6 Edmund
D:7 2 transporters
D:9 exclusion: downstairs
D:11 3 runed translucent doors, slayr's ghost, journeyman TrMo
Lair:2 exclusion: oklob plant


Message History

Confirm with . or Enter, or press ? or * to list all spells.
You blink.
Splash!
You fall into the shallow water.
Moving in this stuff is going to be slow.
An electric eel comes into view.
Found a staircase to the Swamp.
You feel much better.
The swamp worm throws harpoon shot at you.
The harpoon shot hits you!
* * * LOW HITPOINT WARNING * * *
You are yanked forward by the harpoon shot.
You violently stop moving!
* * * LOW HITPOINT WARNING * * *
Splash!
The swamp worm closely misses you.
Okay, then.
As you read the scroll of teleportation, it crumbles to dust.
You feel strangely unstable. The swamp worm bites you!
You die...

..#..P#.....P.#
##.........##...
..#..###....###
#............... ....##
.....P♣ ##.........##...
..#.#
.##+♣♣♣♣♣♣♣♣.........##...
.#.##
.##.♣♣≈≈≈§♣#.###+.###.#PP#
#.######...♣♣≈§>;♣
###....#######
###P.#.#+P♣#♣≈§.≈♣
#.##..+..## #
#..)....♣♣≈§§w♣♣#....<....# #
##.......♣♣♣.♣@♣♣.........###
#
#........♣♣≈..≈♣♣#>.........#
# ###........♣♣≈..≈♣
♣..........###
.......[...♣♣≈..≈♣
#.....P.....##
.P.........♣♣≈♣n≈♣
♣...P..P......
##.........♣♣≈..≈♣
#.............
##.........♣♣≈w.≈♣
+........###.#
#...........♣≈..♣♣ #.....†..#
###
##..........♣≈♣.≈♣..........#
#


You could see a bog body, 2 swamp worms and an electric eel.

Vanquished Creatures
  Gastronok (Lair:2)
  Harold (D:11)
  A hydra (Lair:1)
  Erolcha (D:11)
  4 two-headed ogres
  Sonja (D:11)
  5 ugly things
  2 gargoyles (D:10)
  2 spiny frogs (Lair:2)
  2 centaur skeletons
  2 trolls
  Prince Ribbit (D:5)
  5 dream sheep (Lair:2)
  A hippogriff (D:6)
  3 yaks
  Eustachio (D:6)
  A wyvern (D:10)
  A steam dragon (D:10)
  A hungry ghost (D:7)
  A water moccasin (Lair:1)
  An acid dragon (D:10)
  5 porcupines
  Duvessa (D:3)
  5 orc warriors
  A sky beast (D:6)
  2 necrophages (D:10)
  8 ogres
  2 phantoms
  A black bear (D:7)
  4 ice beasts
  A hornet zombie (D:11)
  An eye of draining (D:8)
  3 centaurs
  2 big kobolds
  2 gnoll sergeants (D:10)
  10 bullfrogs
  4 scorpions
  Dowan (D:5)
  10 killer bees
  8 wights (D:7)
  8 howler monkeys
  4 crimson imps
  A quasit (D:8)
  A centaur zombie (D:7)
  9 hounds
  4 jellies
  2 bullfrog skeletons
  9 orc priests
  4 iguanas
  10 orc wizards
  13 worker ants
  A hound zombie (D:7)
  A hound skeleton (D:8)
  A worker ant zombie (D:10)
  17 adders
  11 gnolls
  7 oozes
  An adder skeleton (D:7)
  2 worms (D:3)
  4 dart slugs
  5 leopard geckos
  38 orcs
  4 ball pythons
  7 bats
  4 giant cockroaches
  6 goblins
  17 hobgoblins
  14 jackals
  22 kobolds
  6 quokkas
  A ball python skeleton (D:4)
  2 frilled lizards (D:1)
  A jackal skeleton (D:8)
  2 leopard gecko skeletons (D:4)
  A quokka zombie (D:6)
  8 rats
357 creatures vanquished.

Vanquished Creatures (collateral kills)
  A killer bee (D:9)
1 creature vanquished.

Vanquished Creatures (others)
  2 fungi (Lair:2)
2 creatures vanquished.

Grand Total: 360 creatures vanquished

Notes
Turn   | Place    | Note
-------+----------+-------------------------------------------
     0 | D:1      | pk666 the Deep Elf Wizard began the quest for the Orb.
     0 | D:1      | Reached XP level 1. HP: 10/10 MP: 7/7
   315 | D:1      | Reached XP level 2. HP: 15/15 MP: 6/9
   914 | D:1      | Reached XP level 3. HP: 19/19 MP: 9/11
   918 | D:1      | Learned a level 2 spell: Blink
   922 | D:1      | Learned a level 3 spell: Conjure Flame
   926 | D:1      | Learned a level 3 spell: Mephitic Cloud
   977 | D:1      | Reached skill level 5 in Spellcasting
  1485 | D:2      | Noticed Terence
  1774 | D:2      | Found a glowing silver altar of Zin.
  1774 | D:2      | Found an ornate altar of the Wu Jian Council.
  1774 | D:2      | Found a snail-covered altar of Cheibriados.
  1774 | D:2      | Found a white marble altar of Elyvilon.
  1863 | D:2      | Reached XP level 4. HP: 24/24 MP: 9/13
  1931 | D:2      | Reached skill level 1 in Fire Magic
  2090 | D:2      | Reached skill level 1 in Poison Magic
  2907 | D:2      | Reached skill level 1 in Air Magic
  2974 | D:2      | Found a stormy altar of Qazlal.
  3224 | D:3      | Reached XP level 5. HP: 28/28 MP: 11/14
  3535 | D:3      | Found a radiant altar of Vehumet.
  3544 | D:3      | Became a worshipper of Vehumet
  4746 | D:3      | Reached XP level 6. HP: 21/32 MP: 4/16
  4962 | D:3      | Found a shimmering altar of Xom.
  4963 | D:3      | Found a burning altar of Makhleb.
  5562 | D:4      | Reached skill level 6 in Spellcasting
  5743 | D:4      | Reached XP level 7. HP: 7/36 MP: 4/18
  6051 | D:4      | Reached * piety under Vehumet
  6051 | D:4      | Offered knowledge of Sting by Vehumet.
  6682 | D:5      | Entered Level 5 of the Dungeon
  6692 | D:5      | Noticed Duvessa
  6692 | D:5      | Noticed Dowan
  7126 | D:5      | Killed Dowan
  7435 | D:3      | Killed Duvessa
  7654 | D:5      | Found a hide-covered altar of Uskayaw.
  7697 | D:5      | Noticed Prince Ribbit
  7727 | D:5      | Killed Prince Ribbit
  7727 | D:5      | Reached skill level 7 in Spellcasting
  7727 | D:5      | Reached skill level 5 in Conjurations
  7727 | D:5      | Reached XP level 8. HP: 26/41 MP: 9/21
  8082 | D:5      | Found a runed translucent gate.
  8082 | D:5      | Found a runed translucent gate.
  8082 | D:5      | Found a runed translucent gate.
  8082 | D:5      | Noticed Tenar's ghost (novice OpFE)
  8318 | D:6      | Noticed Edmund
  8587 | D:6      | Noticed Eustachio
  8655 | D:6      | Reached skill level 5 in Fire Magic
  8676 | D:6      | Reached skill level 8 in Spellcasting
  8884 | D:6      | Killed Eustachio
  9366 | D:6      | Noticed a hippogriff
  9376 | D:6      | Killed a hippogriff
  9376 | D:6      | Reached skill level 9 in Spellcasting
  9539 | D:6      | Reached XP level 9. HP: 45/45 MP: 17/24
 10048 | D:7      | Found a staircase to the Ecumenical Temple.
 10114 | D:7      | Reached ** piety under Vehumet
 10114 | D:7      | Offered knowledge of Throw Flame by Vehumet.
 10324 | D:7      | Found a transporter.
 10324 | D:7      | Found a transporter.
 10325 | D:7      | Noticed a white ugly thing
 10600 | D:7      | Found a deep blue altar of Sif Muna.
 10932 | D:7      | Found an ancient bone altar of Kikubaaqudgha.
 10933 | D:7      | Found a glowing golden altar of the Shining One.
 10934 | D:7      | Found a basalt altar of Yredelemnul.
 10961 | D:7      | Reached skill level 10 in Spellcasting
 11241 | D:8      | Noticed a two-headed ogre
 11396 | D:8      | Killed a two-headed ogre
 11405 | D:8      | Noticed a brown ugly thing
 11467 | D:7      | Offered knowledge of Ignite Poison by Vehumet.
 11691 | D:7      | Reached skill level 11 in Spellcasting
 11691 | D:7      | Reached XP level 10. HP: 48/50 MP: 10/27
 12634 | D:8      | Killed a brown ugly thing
 12994 | D:8      | Reached *** piety under Vehumet
 13179 | D:9      | Found a hide-covered altar of Uskayaw.
 13181 | D:9      | Found a sacrificial altar of Ru.
 13354 | D:9      | Noticed a red ugly thing
 13822 | D:9      | Offered knowledge of Static Discharge by Vehumet.
 13854 | D:9      | Noticed a two-headed ogre
 13926 | D:8      | Learned a level 3 spell: Static Discharge
 14053 | D:9      | HP: 2/50 [two-headed ogre/cursed -2 giant spiked club (26)]
 14055 | D:9      | Killed a two-headed ogre
 14055 | D:9      | Reached skill level 12 in Spellcasting
 14216 | D:9      | Reached skill level 10 in Conjurations
 14536 | D:9      | Killed a red ugly thing
 14536 | D:9      | Reached skill level 10 in Fire Magic
 15219 | D:10     | Entered Level 10 of the Dungeon
 15222 | D:10     | Noticed a two-headed ogre
 15275 | D:10     | Killed a two-headed ogre
 15275 | D:10     | Reached **** piety under Vehumet
 15275 | D:10     | Reached XP level 11. HP: 54/54 MP: 8/29
 16257 | D:10     | Noticed a green ugly thing
 16367 | D:10     | Reached skill level 13 in Spellcasting
 16500 | D:10     | Killed a green ugly thing
 16674 | D:10     | Offered knowledge of Lightning Bolt by Vehumet.
 16759 | D:10     | Found a staircase to the Lair.
 17985 | D:11     | Reached ***** piety under Vehumet
 17985 | D:11     | Offered knowledge of Poison Arrow by Vehumet.
 17993 | D:11     | Learned a level 6 spell: Poison Arrow
 18005 | D:11     | Found a staircase to the Orcish Mines.
 18030 | D:11     | Noticed Erolcha
 18034 | D:11     | Killed Erolcha
 18390 | D:11     | Identified the cursed +3 whip of Termination {slash, rElec
                  | rN++ MR+ Dex-4} (You found it on level 11 of the Dungeon)
 18475 | D:11     | Noticed Sonja
 18477 | D:11     | Killed Sonja
 18505 | D:11     | Noticed Harold
 18510 | D:11     | Killed Harold
 18659 | D:11     | Reached skill level 14 in Spellcasting
 18995 | D:11     | Noticed a two-headed ogre
 18997 | D:11     | Killed a two-headed ogre
 19154 | D:11     | Noticed a green ugly thing
 19156 | D:11     | Noticed a purple ugly thing
 19157 | D:11     | Killed a green ugly thing
 19161 | D:11     | Killed a purple ugly thing
 19161 | D:11     | Reached skill level 5 in Dodging
 19161 | D:11     | Reached XP level 12. HP: 59/59 MP: 26/32
 19465 | D:11     | Found a runed translucent gate.
 19467 | D:11     | Found a runed translucent gate.
 19467 | D:11     | Found a runed translucent gate.
 19477 | D:11     | Noticed slayr's ghost (journeyman TrMo)
 19817 | Lair:1   | Entered Level 1 of the Lair of Beasts
 19936 | Lair:1   | Noticed a seven-headed hydra
 19946 | Lair:1   | Killed a seven-headed hydra
 20703 | Lair:2   | Noticed Gastronok
 20710 | Lair:2   | Killed Gastronok
 21625 | Lair:2   | Found a staircase to the Swamp.
 21627 | Lair:2   | Mangled by a swamp worm

Levels and vault maps discovered:
D:1:      dpeg_arrival_arbitrary_a, layout_basic
D:2:      layout_loops_corners, chequers_temple_overflow_statue_of_worship,
          lemuel_coloured_pillars_altar, uniq_terence
D:3:      layout_loops_ring, grunt_temple_overflow_champion_of_chaos,
          old_standard_altar
D:4:      layout_cave_pods, serial_column_ruins, column_ruins_open_tiny,
          column_ruins_columns_straight, column_ruins_grid_1,
          column_ruins_corridor_straight, first_ration
D:5:      layout_gridville, gammafunk_ghost_necromancy, basic_altar,
          uniq_prince_ribbit1, uniq_duvessa
D:6:      layout_basic, uniq_eustachio, uniq_edmund
D:7:      layout_rooms, led_sif_pool, gammafunk_temple_overflow_arena,
          minmay_temple_entry_glass
D:8:      layout_loops_cross
D:9:      minmay_blocky_corners, layout_long_grid, overflow_temple_1_default,
          basic_altar
D:10:     layout_basic, lair_entry_dummy, ebering_dispersal_statue_hall,
          hangedman_little_slice_of_home, chequers_avenue, grunt_tough_drop
D:11:     layout_stronghold, erik_orc_3, gammafunk_ghost_spectres, uniq_harold,
          uniq_sonja, uniq_erolcha
Lair:1:   layout_concentric_octagons, minmay_stone_trees_medium
Lair:2:   layout_roguey, nicolae_swamp_entry_splash_gauntlet, wad_woods_road_05,
          minmay_lair_oklob_chamber, lemuel_fruit_tree, uniq_gastronok

Skill      XL: |  1  2  3  4  5  6  7  8  9 10 11 12 |
---------------+-------------------------------------+-----
Dodging        | 3 5 6 |  6.6
Conjurations   | 2 3 5 6 8 10 11 12 | 12.3
Spellcasting   | 5 6 7 9 11 12 14 | 14.7
Fire Magic     | 1 2 4 6 8 10 11 12 | 12.1
Poison Magic   | 1 2 3 |  3.1
Air Magic      | 1 2 |  2.0
Translocations | 2 3 |  3.0
Stealth        | |  2.4
Summonings     | |  1.1

Action                   |  1- 3 |  4- 6 |  7- 9 | 10-12 || total
-------------------------+-------+-------+-------+-------++-------
Melee: Dagger            |       |    13 |    36 |    33 ||    82
 Cast: Magic Dart        |   104 |   174 |   379 |   672 ||  1329
       Mephitic Cloud    |     1 |    11 |    23 |    43 ||    78
       Blink             |     1 |     5 |     9 |    19 ||    34
       Conjure Flame     |       |     2 |    36 |    71 ||   109
       Static Discharge  |       |       |       |    33 ||    33
       Poison Arrow      |       |       |       |    57 ||    57
Evoke: Wand              |       |       |       |     7 ||     7
  Use: Scroll            |       |       |     7 |     7 ||    14
       Potion            |       |       |       |     4 ||     4
 Stab: Confused          |       |     1 |     4 |     3 ||     8
  Eat: Chunk             |     3 |     9 |    17 |    22 ||    51
       Ration            |       |     1 |       |     5 ||     6
Armor: Robe              |     2 |    12 |    19 |    36 ||    69
Dodge: Dodged            |    10 |    52 |    53 |    99 ||   214

Table legend:
 A = Non-vault XP
 B = Vault XP
 C = Vault XP percentage of total XP
 D = Non-vault monster count
 E = Vault monster count
 F = Vault count percentage of total count
                 A         B        C        D         E       F
            +---------+---------+-------+---------+---------+-------
      Total |   20472 |    8488 |  29.3 |     314 |      44 |  12.3
            +---------+---------+-------+---------+---------+-------
        D:1 |      57 |       0 |   0.0 |      30 |       0 |   0.0
        D:2 |     152 |       0 |   0.0 |      24 |       0 |   0.0
        D:3 |     252 |     188 |  42.7 |      35 |       2 |   5.4
        D:4 |     263 |       0 |   0.0 |      11 |       0 |   0.0
        D:5 |     492 |     357 |  42.0 |      13 |       2 |  13.3
        D:6 |     970 |     196 |  16.8 |      17 |       1 |   5.6
        D:7 |    1389 |       0 |   0.0 |      32 |       0 |   0.0
        D:8 |    2984 |       0 |   0.0 |      34 |       0 |   0.0
        D:9 |    2039 |    1125 |  35.6 |      27 |       6 |  18.2
       D:10 |    4066 |    1174 |  22.4 |      37 |      14 |  27.5
       D:11 |    3665 |    3047 |  45.4 |      38 |      18 |  32.1
     Lair:1 |    1487 |       0 |   0.0 |       5 |       0 |   0.0
     Lair:2 |    2656 |    2401 |  47.5 |      11 |       1 |   8.3
            +---------+---------+-------+---------+---------+-------
